 Dungeon Crawl Stone Soup version 0.23-b1-51-gfe822ef6ca (webtiles) character file.

Game seed: 5875392648397454160

1260 Esekla the Covered (level 8, -1/62 HPs)
             Began as a Formicid Wanderer on Feb 4, 2019.
             Slain by an ice beast (5 damage)
             ... on level 6 of the Dungeon.
             The game lasted 00:35:07 (5904 turns).

Esekla the Covered (Formicid Wanderer)              Turns: 5904, Time: 00:35:08

Health: -1/62      AC: 12    Str: 20    XL:     8   Next: 81%
Magic:  8/8        EV: 10    Int: 11    God:
Gold:   171        SH:  0    Dex: 10    Spells: 7/7 levels left

rFire    . . .     SeeInvis +   b - +0 hand axe
rCold    . . .     Gourm    .   (no shield)
rNeg     . . .     Faith    .   a - +2 scale mail
rPois    .         Spirit   .   (helmet unavailable)
rElec    .         Reflect  .   (no cloak)
rCorr    .         Harm     .   q - +0 pair of gloves
MR       .....                  o - +0 pair of boots
Stlth    ..........             (no amulet)
HPRegen  0.20/turn              (no ring)
MPRegen  0.11/turn              (no ring)

@: no status effects
A: permanent stasis, dig shafts and tunnels, four strong arms, antennae 3
a: Dig, Shaft Self


You were on level 6 of the Dungeon.
You were not hungry.

You visited 2 branches of the dungeon, and saw 7 of its levels.

You collected 171 gold pieces.

Inventory:

Hand Weapons
 b - a +0 hand axe (weapon)
 g - a +2 dagger of venom
 t - a +3 dagger
 v - a +2 dagger of speed
Armour
 a - a +2 scale mail (worn)
 o - a +0 pair of boots (worn)
 q - a +0 pair of gloves (worn)
Wands
 w - a wand of iceblast (7)
Scrolls
 f - 2 scrolls of amnesia {unknown}
 h - a scroll of noise {unknown}
 i - 4 scrolls of identify {unknown}
 j - 2 scrolls of fog {unknown}
 k - a scroll of random uselessness {unknown}
 l - a scroll of immolation {unknown}
 m - 6 scrolls of remove curse {unknown}
Potions
 c - a potion of lignification
 d - a potion of heal wounds {unknown}
 e - 2 potions of brilliance {unknown}
 p - 2 potions of curing
 r - a potion of agility {unknown}
 s - a potion of might {unknown}
 u - a potion of flight {unknown}
Comestibles
 n - 3 rations


   Skills:
 + Level 5.3 Fighting
 + Level 6.8 Axes
 - Level 2.0 Throwing
 + Level 7.3 Armour
 + Level 2.5 Dodging


You had 7 spell levels left.
You didn't know any spells.
Your spell library was empty.

Dungeon Overview and Level Annotations

Branches:
Dungeon (6/15)             Temple (1/1) D:5

Altars:
Ashenzari
Elyvilon
Gozag
Hepliaklqana
Kikubaaqudgha
Nemelex Xobeh
Qazlal
Trog
Vehumet
Wu Jian
Xom
Zin
Lugonu


Innate Abilities, Weirdness & Mutations

You cannot be hasted, slowed, berserked, paralysed or teleported.
You can dig through walls and to a lower floor.
Your four strong arms can wield two-handed weapons with a shield.
You have a pair of large antennae on your head. (SInv)


Message History

The ice beast is heavily wounded.
The ice beast closely misses you.
You hit the ice beast.
The ice beast is heavily wounded.
The ice beast barely misses you.
You slash the ice beast!
The ice beast is almost dead.
The ice beast hits you but does no damage.
Your scale mail prevents you from hitting the ice beast.
The ice beast is almost dead.
The ice beast hits you.
* * * LOW HITPOINT WARNING * * *
The ice beast freezes you!
* * * LOW HITPOINT WARNING * * *
You barely miss the ice beast.
The ice beast is almost dead.
The ice beast hits you.
* * * LOW HITPOINT WARNING * * *
The ice beast freezes you.
You die...

#.....#.....
..........#
#.........#
#..>......#
#.........#
..........#
..........#
##..###...##########
#.# ###....Y@..<.#
#.. ####.......# ..
##......# #......#
#......# #......#
#......# ####.###
#.#


You could see an ice beast.

Vanquished Creatures
  Grinder (D:4)
  A phantom (D:4)
  3 ogres
  2 scorpions
  2 hounds
  An orc priest (D:5)
  An iguana (D:5)
  6 orc wizards
  4 worker ants
  A hound zombie (D:5)
  2 hound skeletons
  A howler monkey skeleton (D:6)
  9 adders
  3 gnolls (D:2)
  A shadow imp (D:5)
  An adder zombie (D:5)
  5 worms
  2 dart slugs (D:2)
  A leopard gecko (D:5)
  9 orcs
  2 ball pythons (D:1)
  4 giant cockroaches
  3 goblins
  A hobgoblin (D:1)
  9 kobolds
  7 quokkas
  7 bats
  4 frilled lizards
  A leopard gecko skeleton (D:5)
  4 rats
98 creatures vanquished.

Notes
Turn   | Place    | Note
-------+----------+-------------------------------------------
     0 | D:1      | Esekla the Formicid Wanderer began the quest for the Orb.
     0 | D:1      | Esekla set off with the following items: a +2 scale mail, a
                  | +0 hand axe, a potion of lignification, a ration
     0 | D:1      | Reached XP level 1. HP: 15/15 MP: 1/1
   230 | D:2      | Reached XP level 2. HP: 6/21 MP: 2/2
   453 | D:1      | Reached XP level 3. HP: 9/27 MP: 3/3
   810 | D:2      | Found an opulent altar of Gozag.
   826 | D:2      | Reached skill level 5 in Armour
  1092 | D:3      | Reached XP level 4. HP: 16/33 MP: 4/4
  1250 | D:2      | Found a bloodstained altar of Trog.
  2074 | D:2      | Reached XP level 5. HP: 24/39 MP: 5/5
  2601 | D:4      | Reached XP level 6. HP: 9/47 MP: 6/6
  2995 | D:4      | Reached skill level 1 in Dodging
  3017 | D:4      | Noticed Grinder
  3149 | D:4      | Killed Grinder
  3149 | D:4      | Reached skill level 5 in Axes
  3149 | D:4      | Reached skill level 6 in Armour
  3149 | D:4      | Reached XP level 7. HP: 6/53 MP: 7/7
  3441 | D:5      | Entered Level 5 of the Dungeon
  3726 | D:5      | Found a stormy altar of Qazlal.
  4558 | D:4      | Reached XP level 8. HP: 47/61 MP: 8/8
  4899 | D:5      | Found a staircase to the Ecumenical Temple.
  4951 | Temple   | Entered the Ecumenical Temple
  5401 | D:5      | Reached skill level 5 in Fighting
  5401 | D:5      | Reached skill level 7 in Armour
  5904 | D:6      | Slain by an ice beast

Skill      XL: |  1  2  3  4  5  6  7  8 |
---------------+-------------------------+-----
Fighting       | 2 3 4 5 |  5.3
Armour         | 5 6 7 |  7.3
Axes           | 4 5 6 |  6.8
Dodging        | 1 2 |  2.5
Throwing       | |  2.0

Action                   |  1- 3 |  4- 6 |  7- 9 || total
-------------------------+-------+-------+-------++-------
Melee: Hand axe          |   104 |   234 |   332 ||   670
  Use: Potion            |       |     1 |     2 ||     3
  Eat: Ration            |     1 |     2 |     2 ||     5
Armor: Scale mail        |    49 |   125 |   152 ||   326
       Skin              |       |     3 |       ||     3
Dodge: Dodged            |    45 |    99 |   150 ||   294
